 Dungeon Crawl Stone Soup version 0.29-a0-323-g050149af67 (webtiles) character file.

Game seed: 6711893429967443164

2 spaghetti the Conjurer (level 1, 11/11 HPs)
             Began as an Octopode Conjurer on Apr 11, 2022.
             Quit the game on level 1 of the Dungeon.
             The game lasted 00:00:22 (173 turns).

spaghetti the Conjurer (Octopode Conjurer)           Turns: 173, Time: 00:00:22

Health: 11/11      AC:  1    Str:  6    XL:     1   Next: 30%
Magic:  0/3        EV: 13    Int: 20    God:
Gold:   0          SH:  0    Dex: 10    Spells: 3/4 levels left

rFire   . . .      SeeInvis .   (no weapon)
rCold   . . .      Faith    .   (no shield)
rNeg    . . .      Spirit   .   (helmet restricted)
rPois   .          Reflect  .   (no amulet)
rElec   .          Harm     .   (no ring)
rCorr   .          Rampage  .   (no ring)
Will    .....                   (no ring)
Stlth   +++.......              (no ring)
HPRegen 0.03/turn               (no ring)
MPRegen 0.08/turn               (no ring)
                                (no ring)
                                (no ring)

@: very slightly contaminated
A: almost no armour, amphibious, 8 rings, camouflage 1, gelatinous body 1,
(nimble swimmer 1), tentacles
a: no special abilities


You were on level 1 of the Dungeon.
You visited 1 branch of the dungeon, and saw 1 of its levels.


Innate Abilities, Weirdness & Mutations

You cannot wear most types of armour.
You are amphibious.
You can wear up to eight rings at the same time.
Your skin changes colour to match your surroundings (Stealth+).
Your rubbery body absorbs attacks. (AC +1, EV +1)
((You are camouflaged when in or above water. (Stealth+)))
You have tentacles for arms and can constrict up to eight enemies at once.


   Skills:
 - Level 2.0 Dodging
 - Level 2.6 Stealth
 + Level 2.1 Spellcasting
 - Level 4.0 Conjurations


You had 3 spell levels left.
You knew the following spells:

 Your Spells              Type           Power      Damage    Failure   Level
a - Magic Dart            Conj           72%        1d6       3%          1

Your spell library contained the following spells:

 Spells                   Type           Power      Damage    Failure   Level
 Searing Ray              Conj           36%        2d5       4%          2
 Dazzling Flash           Conj/Hex       20%        N/A       21%         3
 Fulminant Prism          Conj/Hex       5%         3d7       56%         4
 Iskenderun's Mystic Bla  Conj/Tloc      10%        2d4       56%         4

Inventory:

Scrolls
 c - a scroll of noise {unknown}
Potions
 a - a potion of magic
 b - 2 potions of curing {unknown}

Dungeon Overview and Level Annotations

Branches:
Dungeon (1/15)

Altars:

....... #.....
.#.#. ...........
#. .... ......
##.##.... ......
......#.##......
)....$#.........
.......@.....†..
................
................
...........#.[..
J..........# ...
......##.### ..
########.# ....
#..# #...#
.....#..# .
#.#.........#..###.


You could see an endoplasm (asleep).


Message History

You open the door.
There is an open door here.
Key pressed, stopping explore.
b - 2 smoky yellow potions
Found a stone staircase leading down.
There is a stone staircase leading down here.
You open the door.
There is an open door here.
You open the door.
A giant cockroach comes into view.
There is an open door here.
The magic dart hits the giant cockroach but does no damage. 😎 MP[-1]
You lost 1 mp, and now have 2/3 mp.
The magic dart hits the giant cockroach but does no damage.
No target in view! 😎 MP[-1]
You lost 1 mp, and now have 1/3 mp.
No target in view!
No target in view!
No target in view!
No target in view!
No target in view!
No target in view!
Unknown command.
A giant cockroach is nearby!
A giant cockroach is nearby!
A giant cockroach is nearby!
A giant cockroach is nearby!
Aiming: Magic Dart (safe; 3% risk of failure)
Press: ? - help, Q - select action Shift-Dir - straight line, f/p - giant cockroach
Aim: a giant cockroach (100% to hit)
The magic dart hits the giant cockroach but does no damage. 😎 MP[-1]
You lost 1 mp, and now have 0/3 mp.
A giant cockroach is nearby!
The giant cockroach bites you. 😕 HP[-2]
You take 2 damage, and now have 9/11 hp.
You tentacle-slap the giant cockroach but do no damage.
You grab the giant cockroach. You squeeze the giant cockroach.
You constrict the giant cockroach, but do no damage.
The giant cockroach barely misses you.
You tentacle-slap the giant cockroach. You squeeze the giant cockroach.
You kill the giant cockroach!
Training target 4.0 for Conjurations reached!
You need to enable at least one skill for training.
Unknown command.
Key pressed, stopping explore.
A rat comes into view. 😎 HP[+2] MP[+3]
Your hp is fully restored (11).
Your mp is fully restored (3).
A rat is nearby!
A rat is nearby!
A rat is nearby!
The magic dart hits the rat. 😎 MP[-1]
You lost 1 mp, and now have 2/3 mp.
The magic dart hits the rat.
You kill the rat!
No target in view! 😎 MP[-1]
You lost 1 mp, and now have 1/3 mp.
No target in view!
No target in view!
No target in view!
No target in view!
No target in view!
No target in view!
No target in view!
Found a runed robe. 😎 MP[+2]
Your mp is fully restored (3).
c - a scroll labelled VEUR WEMOUDI An endoplasm and a dart slug come into view.
There are monsters nearby!
You miscast Magic Dart.
You are very lightly contaminated with residual magic.
Nothing appears to happen. 😎 MP[-1]
You lost 1 mp, and now have 2/3 mp.
The magic dart hits the dart slug. 😎 MP[-1]
You lost 1 mp, and now have 1/3 mp.
The magic dart hits the dart slug. 😎 MP[-1]
You lost 1 mp, and now have 0/3 mp.
No target in range!
No target in range!
No target in range!
No target in range!
No target in range!
No target in range!
No target in range!
No target in range!
An endoplasm is nearby!
An endoplasm is nearby!
An endoplasm is nearby!
An endoplasm is nearby!
Are you sure you want to abandon this character and quit the game? (Confirm with "yes".)

Action                   || total
-------------------------++-------
Melee: Unarmed           ||     2
       Tentacles         ||     2
       Constrict         ||     1
 Cast: Magic Dart        ||     7
Dodge: Dodged            ||     1

Levels and vault maps discovered:
D:1:      minmay_arrival_cross, layout_basic

Notes
Turn   | Place    | Note
-------+----------+-------------------------------------------
     0 | D:1      | spaghetti the Octopode Conjurer began the quest for the
                  | Orb.
     0 | D:1      | Reached XP level 1. HP: 11/11 MP: 3/3
     0 | D:1      | magus.rc [v1.9.6]
   173 | D:1      | Quit the game

Vanquished Creatures
  A giant cockroach (D:1)
  A rat (D:1)
2 creatures vanquished.

Table legend:
 A = Non-vault XP
 B = Vault XP
 C = Vault XP percentage of total XP
 D = Non-vault monster count
 E = Vault monster count
 F = Vault count percentage of total count
                 A         B        C        D         E       F
            +---------+---------+-------+---------+---------+-------
      Total |       3 |       0 |   0.0 |       2 |       0 |   0.0
            +---------+---------+-------+---------+---------+-------
        D:1 |       3 |       0 |   0.0 |       2 |       0 |   0.0
            +---------+---------+-------+---------+---------+-------

Illustrated notes

Table legend:
 A = Kills in this place as a percentage of kills in entire the game.
 B = Kills by you in this place as a percentage of kills by you in the entire game.
 C = Kills by friends in this place as a percentage of kills by friends in the entire game.
 D = Other kills in this place as a percentage of other kills in the entire game.
 E = Experience gained in this place as a percentage of experience gained in the entire game.
 F = Experience gained in this place divided by the number of levels of this place that you have seen.
                   A       B       C       D       E      F
               +-------+-------+-------+-------+-------+----------------------
         Total | 100.0 | 100.0 |   N/A |   N/A | 100.0 |   3.0
       Dungeon | 100.0 | 100.0 |   N/A |   N/A | 100.0 |   3.0
               +-------+-------+-------+-------+-------+----------------------

Table legend: (Time is in decaauts)
 A = Elapsed time spent in this place.
 B = Non-inter-level travel time spent in this place.
 C = Inter-level travel time spent in this place.
 D = Time resting spent in this place.
 E = Time spent auto-exploring this place.
 F = Levels seen in this place.
 G = Mean time per level.
                   A        B        C        D        E       F      G
               +--------+--------+--------+--------+--------+-----+--------+
         Total |    173 |    173 |      0 |      0 |    155 |   1 |  173.0 |
       Dungeon |    173 |    173 |      0 |      0 |    155 |   1 |  173.0 |
               +--------+--------+--------+--------+--------+-----+--------+

Top non-repeatable levels by time:
     D:1: 173 daAuts
